 Dungeon Crawl Stone Soup version 0.31-a0-162-gc4c5a43528 (webtiles) character file.

Game seed: 16143210971112199043

280 qw the Shooter (level 6, -3/38 HPs)
             Began as a Gargoyle Hunter on June 12, 2023.
             Slain by an orc
             ... wielding a +0 trident
              (6 damage)
             ... on level 4 of the Dungeon.
             The game lasted 00:01:15 (2784 turns).

qw the Shooter (Gargoyle Hunter)                    Turns: 2784, Time: 00:01:16

Health: -3/38      AC: 11    Str: 14    XL:     6   Next: 27%
Magic:  6/6        EV: 11    Int: 10    God:
Gold:   151        SH:  0    Dex: 15    Spells: 5/5 levels left

rFire   . . .        Y - +0 shortbow
rCold   . . .        (shield currently unavailable)
rNeg    + . .        d - +0 ring mail
rPois   inf          (no helmet)
rElec   +            (no cloak)
rCorr   .            c - +0 pair of gloves
SInv    .            h - +0 pair of boots
Will    .....        (no amulet)
Stlth   +            (no ring)
HPRegen 0.26/turn    (no ring)
MPRegen 0.10/turn

%: no passive effects
@: no status effects
A: sickness immunity, AC +4, negative energy resistance 1, electricity
resistance, torment resistance 1, petrification resistance
a: no special abilities


You were on level 4 of the Dungeon.
You visited 1 branch of the dungeon, and saw 4 of its levels.

You collected 151 gold pieces.


Innate Abilities, Weirdness & Mutations

You are immune to sickness and miasma.
Your stone body is resilient. (AC +4)
You are immune to poison.
You resist negative energy. (rN+)
You are resistant to electric shocks. (rElec)
You are resistant to unholy torment.
You are immune to petrification.


   Skills:
 + Level 3.9 Fighting
 - Level 6.4 Ranged Weapons
 - Level 1.4 Armour
 - Level 1.5 Dodging
 - Level 1.1 Stealth


You had 5 spell levels left.
You didn't know any spells.
Your spell library was empty.

Inventory:

Hand Weapons
 Y - a +0 shortbow (weapon)
Armour
 c - a +0 pair of gloves (worn)
 d - a +0 ring mail (worn)
 h - a +0 pair of boots (worn)
Wands
 b - a wand of digging (5)
Potions
 a - 2 potions of berserk rage {unknown}
 e - a potion of attraction {unknown}
 f - a potion of resistance {unknown}
 i - a potion of magic {unknown}

Dungeon Overview and Level Annotations

Branches:
Dungeon (4/15)
 Temple: D:4-7

Altars:
Nemelex Xobeh


Message History

The orc is severely wounded.
The ufetubus hits you. The ufetubus completely misses you.
The orc completely misses you. The ufetubus hits you. x2
You shoot an arrow. The arrow hits the orc!
You kill the orc!
The ufetubus closely misses you. x2
The ufetubus hits you but does no damage. x2
You shoot an arrow.
The arrow hits the ufetubus but does no damage.
The orc hits you but does no damage.
The ufetubus hits you but does no damage. x3
The ufetubus closely misses you. The orc hits you but does no damage.
You shoot an arrow. The arrow hits the ufetubus!
You kill the ufetubus!
You shoot an arrow. The arrow barely misses the orc.
The orc hits you but does no damage.
The orc hits you from afar with a +0 trident.
The orc hits you with a +0 war axe.
You shoot an arrow. The arrow hits the orc.
The orc is severely wounded.
The orc closely misses you. The orc barely misses you.
You shoot an arrow.
The arrow hits the orc but does no damage.
The orc is severely wounded.
The orc hits you with a +0 hand axe. The orc hits you but does no damage.
The orc hits you with a +0 war axe!
The endoplasm hits you but does no damage.
You shoot an arrow.
The arrow hits the orc but does no damage.
The orc is severely wounded.
The orc hits you from afar with a +0 trident.
The orc hits you but does no damage. The endoplasm closely misses you.
The orc barely misses you.
The endoplasm hits you but does no damage.
You shoot an arrow.
The arrow hits the orc but does no damage.
The orc is severely wounded.
The orc hits you with a +0 hand axe.
The orc hits you from afar with a +0 trident.
You die...

##..................
##.........).........
##....................
##...........[.........
##......................
#......................
###....................
#..............J......
#...........(.@o......
####..........#o......
##........##.o.....
##.......# #......
##.....## #.....
#......# ..... ##...#.#
.... #####.## .... #..#


You could see 3 orcs and an endoplasm.

Vanquished Creatures
  A black bear (D:3)
  An orc priest (D:4)
  5 adders
  An ufetubus (D:4)
  2 worms (D:2)
  4 dart slugs
  7 orcs
  11 ball pythons
  5 bats
  5 endoplasms
  5 giant cockroaches
  8 goblins
  11 hobgoblins
  11 kobolds
  2 quokkas
  4 frilled lizards
  7 rats
90 creatures vanquished.

Notes
Turn   | Place    | Note
-------+----------+-------------------------------------------
     0 | D:1      | qw the Gargoyle Hunter began the quest for the Orb.
     0 | D:1      | Reached XP level 1. HP: 12/12 MP: 1/1
     0 | D:1      | 0 ||| qw: Version: 0.2-a-29-gc1b59c4
     0 | D:1      | 0 ||| qw: Game counter: 4308
     0 | D:1      | 0 ||| qw: Always use a shield: true
     0 | D:1      | 0 ||| qw: God list: Okawaru
     0 | D:1      | 0 ||| qw: Allow faded altars: false
     0 | D:1      | 0 ||| qw: Do Orc after D:15 true
     0 | D:1      | 0 ||| qw: Do second Lair branch before Depths: true
     0 | D:1      | 0 ||| qw: Lair rune preference: random
     0 | D:1      | 0 ||| qw: Plans: Normal, Zot:1-4, Slime:5, God:TSO, Crypt,
                  | Tomb, Abyss, Pan, Hells, Win
     0 | D:1      | 0 ||| PLANNING D:1-11
    35 | D:1      | 35 ||| FLEEEEING.
    36 | D:1      | 36 ||| FLEEEEING.
    37 | D:1      | 37 ||| FLEEEEING.
    38 | D:1      | 38 ||| FLEEEEING.
    78 | D:1      | Reached XP level 2. HP: 17/17 MP: 2/2
   257 | D:1      | Reached XP level 3. HP: 21/21 MP: 3/3
   289 | D:1      | Reached skill level 5 in Ranged Weapons
   739 | D:1      | 739 ||| UPGRADING to +0 ring mail.
   749 | D:1      | 749 ||| DROPPING +0 leather armour.
   750 | D:1      | 750 ||| UPGRADING to +0 pair of boots.
   755 | D:1      | 755 ||| READING scroll labelled NOLOASAUDD.
   756 | D:1      | 756 ||| DROPPING scroll of butterflies.
   888 | D:2      | Reached skill level 1 in Armour
   892 | D:2      | Reached XP level 4. HP: 26/27 MP: 4/4
  1030 | D:2      | Reached skill level 3 in Fighting
  1330 | D:2      | Found a faded altar of an unknown god.
  1613 | D:2      | 1613 ||| UPGRADING to +0 pair of gloves.
  1618 | D:2      | 1618 ||| READING scroll labelled EXKOMI URADUNI.
  1670 | D:3      | 1670 ||| STAIRDANCE
  1890 | D:3      | Identified the +7 morningstar "Jeepavec" {pain, Str+6 Int-4
                  | SInv Stlth+}
  2026 | D:3      | Found a sparkling altar of Nemelex Xobeh.
  2299 | D:3      | Reached XP level 5. HP: 29/32 MP: 5/5
  2427 | D:3      | 2427 ||| READING scroll labelled YHILLA ZEDWI.
  2432 | D:3      | 2432 ||| READING scroll labelled NAF YNYMUONEFI.
  2447 | D:4      | Noticed a black bear
  2456 | D:4      | 2456 ||| STAIRDANCE
  2461 | D:4      | 2461 ||| STAIRDANCE
  2466 | D:3      | Killed a black bear
  2467 | D:3      | Reached skill level 6 in Ranged Weapons
  2552 | D:4      | Reached XP level 6. HP: 37/37 MP: 6/6
  2601 | D:4      | 2601 ||| FLEEEEING.
  2609 | D:4      | 2609 ||| STAIRDANCE
  2782 | D:4      | HP: 5/38 [orc/+0 war axe (7)]
  2784 | D:4      | Slain by an orc

Levels and vault maps discovered:
D:1:      ncdulo_halloftheorcs, layout_basic
D:2:      layout_basic, shapermc_ecumenical_altar_notcrosses,
          kennysheep_generic_room_7
D:3:      layout_basic, mainiacjoe_overflow_alcove_2,
          kennysheep_decorative_pillar, minmay_misc_feat_ornament,
          patterned_corridor
D:4:      cheibrodos_barr_body, layout_cave_pods, mainiacjoe_overflow_catwalk,
          minmay_temple_entry_statues

Skill      XL: |  1  2  3  4  5 |
---------------+----------------+-----
Ranged Weapons | 5 6 |  6.4
Armour         | 1 |  1.4
Fighting       | 3 |  3.9
Dodging        | |  1.5
Stealth        | |  1.1

Action                     |  1- 3 |  4- 6 || total
---------------------------+-------+-------++-------
   Fire: Shortbow          |   111 |   227 ||   338
    Use: Scroll            |     1 |     3 ||     4
 Armour: Leather armour    |    16 |       ||    16
         Ring mail         |     5 |    98 ||   103
  Dodge: Dodged            |    22 |   113 ||   135

Table legend:
 A = Non-vault XP
 B = Vault XP
 C = Vault XP percentage of total XP
 D = Non-vault monster count
 E = Vault monster count
 F = Vault count percentage of total count
                 A         B        C        D         E       F
            +---------+---------+-------+---------+---------+-------
      Total |     392 |       8 |   2.0 |      87 |       3 |   3.3
            +---------+---------+-------+---------+---------+-------
        D:1 |      57 |       0 |   0.0 |      30 |       0 |   0.0
        D:2 |      74 |       8 |   9.8 |      27 |       3 |  10.0
        D:3 |     162 |       0 |   0.0 |      17 |       0 |   0.0
        D:4 |      99 |       0 |   0.0 |      13 |       0 |   0.0
            +---------+---------+-------+---------+---------+-------
